 Dungeon Crawl Stone Soup version 0.24-a0-346-ge062c78e24 (webtiles) character file.

Game seed: 3342564578824979483

116 HAL9000 the Sneak (level 5, -1/26 HPs)
             Began as a Vine Stalker Assassin on May 22, 2019.
             Slain by an orc wizard
             ... wielding a +0 dagger
              (2 damage)
             ... on level 2 of the Dungeon.
             The game lasted 00:03:50 (1470 turns).

HAL9000 the Sneak (Vine Stalker Assassin)           Turns: 1470, Time: 00:03:51

Health: -1/26      AC:  3    Str: 14    XL:     5   Next: 1%
Magic:  0/6        EV: 11    Int: 11    God:
Gold:   125        SH:  0    Dex: 16    Spells: 4/4 levels left

rFire    . . .     SeeInvis .   a - +2 dagger
rCold    . . .     Gourm    .   (no shield)
rNeg     . . .     Faith    .   b - +0 robe
rPois    .         Spirit   +   (no helmet)
rElec    .         Reflect  .   c - +0 cloak
rCorr    .         Harm     .   (no gloves)
MR       +....                  (no boots)
Stlth    ++++......             (no amulet)
HPRegen  0.48/turn              i - ring of stealth
MPRegen  0.10/turn              q - ring of protection from magic

@: no status effects
A: fangs 2, regeneration 1, magic shield, antimagic bite, no potion heal 3, rot
immunity
a: no special abilities


You were on level 2 of the Dungeon.
You were not hungry.

You visited 1 branch of the dungeon, and saw 3 of its levels.

You collected 125 gold pieces.

Inventory:

Hand Weapons
 a - a +2 dagger (weapon)
Missiles
 d - 23 poisoned darts (quivered)
Armour
 b - a +0 robe (worn)
 c - a +0 cloak (worn)
 t - a cursed +0 buckler
Jewellery
 i - a ring of stealth (left hand)
 q - a ring of protection from magic (right hand)
 s - an uncursed ring of see invisible {unknown}
Scrolls
 g - a scroll of remove curse {unknown}
 h - a scroll of fog {unknown}
 l - a scroll of fear {unknown}
 m - a scroll of enchant weapon {unknown}
 n - 4 scrolls of identify {unknown}
 o - 2 scrolls of teleportation {unknown}
Potions
 j - a potion of haste {unknown}
 k - 2 potions of curing
 p - a potion of berserk rage {unknown}
 r - 2 potions of lignification {unknown}
Comestibles
 f - 2 rations


   Skills:
 - Level 1.7 Fighting
 + Level 4.5 Short Blades
 - Level 1.7 Throwing
 - Level 0.7 Dodging
 - Level 4.8 Stealth


You had 4 spell levels left.
You didn't know any spells.
Your spell library contained the following spells:

 Spells                   Type           Power        Failure   Level  Hunger
 Magic Dart               Conj           #...         34%         1    ##.....
 Blink                    Tloc           N/A          47%         2    ###....
 Call Imp                 Summ           #.......     47%         2    ###....
 Slow                     Hex            #.......     47%         2    ###....
 Conjure Flame            Conj/Fire      #.......     71%         3    ####...
 Mephitic Cloud           Conj/Pois/Air  #.......     71%         3    ####...


Dungeon Overview and Level Annotations

Branches:
Dungeon (3/15)

Altars:
Hepliaklqana
Trog


Innate Abilities, Weirdness & Mutations

You have extremely sharp teeth.
Your natural rate of healing is unusually fast.
When hurt, damage is shared between your health and your magic reserves.
Your bite disrupts and absorbs the magic of your enemies.
Potions cannot restore your health.
You are immune to rotting.


Message History

Press: ? - help, Shift-Dir - straight line You throw a curare-tipped dart.
Something hits you.
* * * LOW HITPOINT WARNING * * *
You hit something. You bite something. You drain its magic.
You feel invigorated.
* * * LOW HITPOINT WARNING * * *
You feel sick.
Unknown command.
You hit something. Something hits you.
* * * LOW HITPOINT WARNING * * *
It was a potion of curing.
Your system rejects the healing.
You feel better. Something hits you but does no damage.
You hit something. Something hits you but does no damage.
You hit something but do no damage. You bite something.
You hit something but do no damage. Something hits you.
* * * LOW HITPOINT WARNING * * *
You miss something. Your bite misses something. Something hits you.
* * * LOW HITPOINT WARNING * * *
You hit something. Something hits you.
You die...

8.........# #.....# #####
.....)....## ##.....# #...#
...#####...### #......## #...#
..## #.#...# #......>######...#
#.# #.###.###.#####..........#
#.# #.###.....# ##.........# #.#
#.#...##..# ##.........#
#.######...#####.#####..........#
#...............@##..........<..#
####..........###{..............#
####..........###.#(###.........#
.............###..#.#......######
.............#........######
..................#####
...............##.#
.............###..#
.....)........##.#######


There were no monsters in sight!

Vanquished Creatures
  Jessica (D:2)
  Terence (D:1)
  An adder (D:2)
  An ooze (D:1)
  2 worms (D:2)
  2 dart slugs
  3 leopard geckos
  2 bats (D:1)
  3 giant cockroaches (D:1)
  4 goblins
  5 hobgoblins (D:1)
  5 kobolds
  6 frilled lizards
  4 rats
40 creatures vanquished.

Notes
Turn   | Place    | Note
-------+----------+-------------------------------------------
     0 | D:1      | HAL9000 the Vine Stalker Assassin began the quest for the
                  | Orb.
     0 | D:1      | Reached XP level 1. HP: 11/11 MP: 2/2
    41 | D:1      | Reached XP level 2. HP: 12/15 MP: 3/3
   315 | D:1      | Reached XP level 3. HP: 12/18 MP: 2/4
   897 | D:2      | Noticed Terence
  1061 | D:1      | Killed Terence
  1061 | D:1      | Gained mutation: Your natural rate of healing is unusually
                  | fast. [Vine Stalker growth]
  1061 | D:1      | Reached XP level 4. HP: 18/23 MP: 5/5
  1170 | D:2      | Found a hazy altar of Hepliaklqana.
  1263 | D:2      | Found a faded altar of an unknown god.
  1283 | D:2      | Noticed Jessica
  1290 | D:2      | Killed Jessica
  1390 | D:3      | Found a bloodstained altar of Trog.
  1459 | D:2      | Reached XP level 5. HP: 7/26 MP: 4/6
  1463 | D:2      | HP: 1/26 [poisoned by an adder]
  1468 | D:2      | HP: 1/26 [something (1)]
  1470 | D:2      | Slain by an orc wizard

Levels and vault maps discovered:
D:1:      evilmike_arrival_hilbert_curve, layout_loops_ring
D:2:      layout_rooms, nicolae_overflow_hidden_temple,
          chequers_ecumenical_altar_simple_redux, uniq_jessica, uniq_terence
D:3:      layout_rooms, grunt_ministairs_7, trog_three_pillars_becter,
          uniq_grinder

Skill      XL: |  1  2  3 |
---------------+----------+-----
Short Blades   | 2 3 4 |  4.5
Fighting       | |  1.7
Throwing       | |  1.7
Dodging        | |  0.7
Stealth        | |  4.8

Action                   |  1- 3 |  4- 6 || total
-------------------------+-------+-------++-------
Melee: Dagger            |    78 |    47 ||   125
       Bite              |    20 |    11 ||    31
Throw: Dart              |     3 |     3 ||     6
  Use: Potion            |       |     1 ||     1
 Stab: Sleeping          |    15 |     2 ||    17
  Eat: Chunk             |       |     2 ||     2
Armor: Robe              |    19 |     4 ||    23
Dodge: Dodged            |    39 |    17 ||    56

Table legend:
 A = Non-vault XP
 B = Vault XP
 C = Vault XP percentage of total XP
 D = Non-vault monster count
 E = Vault monster count
 F = Vault count percentage of total count
                 A         B        C        D         E       F
            +---------+---------+-------+---------+---------+-------
      Total |      94 |      73 |  43.7 |      38 |       2 |   5.0
            +---------+---------+-------+---------+---------+-------
        D:1 |      52 |      36 |  40.9 |      25 |       1 |   3.8
        D:2 |      37 |      37 |  50.0 |      10 |       1 |   9.1
        D:3 |       5 |       0 |   0.0 |       3 |       0 |   0.0
            +---------+---------+-------+---------+---------+-------
